 Dungeon Crawl Stone Soup version 0.28-a0-723-g095bd1b44f (webtiles) character file.

Game seed: 13195773379543904504

22 KoroneIsBestGirl the Chiller (level 2, 0/19 HPs)
             Began as a Barachi Ice Elementalist on Oct 25, 2021.
             Was an Initiate of Gozag.
             Slain by a goblin (2 damage)
             ... led by Robin
             ... on level 2 of the Dungeon.
             The game lasted 00:01:46 (1732 turns).

KoroneIsBestGirl the Chiller (BaIE)                 Turns: 1732, Time: 00:01:47

Health: 0/19       AC:  2    Str:  9    XL:     2   Next: 91%
Magic:  2/5        EV: 12    Int: 15    God:    Gozag
Gold:   162        SH:  0    Dex: 12    Spells: 5/6 levels left

rFire   . . .      SeeInvis .   e - +0 dagger
rCold   . . .      Faith    .   (no shield)
rNeg    . . .      Spirit   .   a - +0 robe
rPois   .          Reflect  .   (no helmet)
rElec   .          Harm     .   (no cloak)
rCorr   .          Rampage  .   (no gloves)
Will    .....                   (no boots)
Stlth   ++........              (no amulet)
HPRegen 0.06/turn               (no ring)
MPRegen 0.09/turn               (no ring)

@: very slightly contaminated, slow
A: amphibious, slowness 1, strong legs 1, +LOS
a: Hop, Renounce Religion, Potion Petition, Call Merchant, Bribe Branch


You were on level 2 of the Dungeon.
You worshipped Gozag.
Gozag was aware of your devotion.
You visited 1 branch of the dungeon, and saw 3 of its levels.

You collected 162 gold pieces.

Inventory:

Hand Weapons
 e - a +0 dagger (weapon)
Armour
 a - a +0 robe (worn)
Scrolls
 b - 2 scrolls of identify {unknown}
 c - a scroll of teleportation {unknown}
 d - a scroll of magic mapping {unknown}
 g - a scroll of fear {unknown}
Potions
 f - a potion of heal wounds {unknown}


   Skills:
 + Level 2.7 Dodging
 - Level 1.7 Stealth
 + Level 2.7 Spellcasting
 + Level 5.2 Ice Magic


You had 5 spell levels left.
You knew the following spells:

 Your Spells              Type           Power      Damage    Failure   Level
a - Freeze                Ice            68%        1d8       2%          1

Your spell library contained the following spells:

 Spells                   Type           Power      Damage    Failure   Level
 Frozen Ramparts          Ice            34%        1d5       8%          3
 Ozocubu's Armour         Ice            17%        N/A       8%          3
 Shock                    Conj/Air       8%         1d3       21%         1
 Gell's Gravitas          Tloc           1%         N/A       52%         3
 Lesser Beckoning         Tloc           2%         N/A       52%         3
 Teleport Other           Tloc           2%         N/A       52%         3
 Hailstorm                Conj/Ice       9%         3d4       56%         4
 Dispersal                Tloc           1%         N/A       100%        6


Dungeon Overview and Level Annotations

Branches:
Dungeon (3/15)

Altars:
Elyvilon
Gozag

Annotations:
D:3 Robin


Innate Abilities, Weirdness & Mutations

You are amphibious.
You cover ground slowly.
You can hop short distances.
You have an extended range of vision and can be seen from far away.


Message History

Magic restored.
There is a stone staircase leading down here.
You climb downwards.
Level annotation: Robin The kobold throws a stone.
The stone hits you.
Found a hand axe and a hunting sling.
There is a stone staircase leading up here.
The kobold throws a stone.
The stone hits you.
You can't see any susceptible monsters within range! (Use Z to cast anyway.)
A ball python and a goblin come into view.
Robin throws the goblin at you! The goblin hits you but does no damage.
The kobold hits you but does no damage.
You miscast Freeze.
You are very lightly contaminated with residual magic.
Nothing appears to happen.
The goblin misses you. The kobold hits you with a +0 club.
Robin roars a battlecry!
The goblins go into a battle-frenzy!
You hear a shout!
Robin roars a battlecry!
The goblin hits you with a +0 club.
There is a stone staircase leading up here.
You freeze the goblin.
The goblin is heavily wounded.
The goblin hits you with a +0 club. Robin throws the goblin at you!
The goblin hits you with a +0 club.
* * * LOW HITPOINT WARNING * * *
The goblin shouts!
You climb upwards.
There is a stone staircase leading down here.
Casting: Freeze (safe; 2% risk of failure)
Confirm with . or Enter, or press ? or * to list all spells.
Aiming: Freeze (safe; 2% risk of failure)
Press: ? - help, Shift-Dir - straight line, f - goblin
Aim: a goblin, wielding a +0 club (heavily wounded, strong)
You freeze the goblin.
The goblin is severely wounded.
The goblin hits you with a +0 club.
You die...
Your body crumbles into a pile of gold.

...# #.#......#.# #.# ...#
#.#.....<#.# ##.###### ...#
#.#.##..##.# #.......#
...####.#.##...#.# #.......#
......#.#.##.#.#.####......(#
#####.#.#.##................#
#.#.#.####...####.......###
#####.....#......g............#
...##.#.###.###.@############.#
.#......###.####.# #.#
.................############.#
............................#.#
...##...............#######.#.#
...##.########.####'#### #.#.#
##.##.# #....#.##......# #.#.#
.#.##.# #.##.#.##......# #.#.#
'#+##.# #.##.#.##...(..# #.#.#


You could see a goblin (strong).

Vanquished Creatures
  3 bats
  5 endoplasms
  2 hobgoblins
  2 ball pythons (D:2)
  2 frilled lizards
  3 goblins
  3 rats
20 creatures vanquished.

Notes
Turn   | Place    | Note
-------+----------+-------------------------------------------
     0 | D:1      | KoroneIsBestGirl the Barachi Ice Elementalist began the
                  | quest for the Orb.
     0 | D:1      | Reached XP level 1. HP: 13/13 MP: 3/3
   339 | D:1      | Reached skill level 5 in Ice Magic
   339 | D:1      | Reached XP level 2. HP: 17/19 MP: 3/5
   521 | D:1      | Found a faded altar of an unknown god.
   527 | D:1      | Got Plato's Almanac of Lightness
   528 | D:1      | Prayed at the altar of an unknown god.
   528 | D:1      | Became a worshipper of Gozag Ym Sagoz the Greedy
  1622 | D:2      | Found a white marble altar of Elyvilon.
  1693 | D:3      | Noticed Robin
  1732 | D:2      | Slain by a goblin

Illustrated notes

Levels and vault maps discovered:
D:1:      wander_arrival_chamber, layout_loops_ring,
          shapermc_ecumenical_altar_rom_forum
D:2:      layout_basic, basic_altar
D:3:      layout_basic, uniq_robin

Skill      XL: |  1 |
---------------+----+-----
Ice Magic      | 5 |  5.2
Dodging        | |  2.7
Stealth        | |  1.7
Spellcasting   | |  2.7

Action                   || total
-------------------------++-------
Melee: Unarmed           ||     6
       Dagger            ||     2
 Cast: Freeze            ||    23
Armor: Robe              ||     7
Dodge: Dodged            ||    14

Table legend: (Time is in decaauts)
 A = Elapsed time spent in this place.
 B = Non-inter-level travel time spent in this place.
 C = Inter-level travel time spent in this place.
 D = Time resting spent in this place.
 E = Time spent auto-exploring this place.
 F = Levels seen in this place.
 G = Mean time per level.
                   A        B        C        D        E       F      G
               +--------+--------+--------+--------+--------+-----+--------+
         Total |   1989 |   1832 |    157 |      0 |   1650 |   3 |  663.0 |
       Dungeon |   1989 |   1832 |    157 |      0 |   1650 |   3 |  663.0 |
               +--------+--------+--------+--------+--------+-----+--------+

Top non-repeatable levels by time:
     D:2: 1044 daAuts
     D:1: 925 daAuts
     D:3: 20 daAuts
